Map: Snowbound Colony

Players

Throwfordays

  • Race: Protoss Protoss
  • League: Silver
  • Spawn Location: 7:00

Cthulhu

  • Race: Zerg Zerg
  • Spawn Location: 6:00

Faust

  • Race: Protoss Protoss
  • League: Diamond
  • Spawn Location: 7:00

executor

  • Race: Protoss Protoss
  • League: Gold
  • Spawn Location: 12:00

VerZZetaW

  • Race: Protoss Protoss
  • League: Platinum
  • Spawn Location: 1:00

mugen

  • Race: Terran Terran
  • League: Silver
  • Spawn Location: 1:00

VOD

Have the link to the VOD?

Description

Time

  • Played on: March 12, 2019, 11:03 p.m.
  • Length: 8:44
Show
View Real Time Build Order
Export as new Build Order

Throwfordays Protoss 

Build Orders:  

Get SALT Encoding   

  1  0:00  Probe  
  12  0:05  Probe  
  14  0:15  Probe  
  15  0:22  Pylon  
  15  0:40  Gateway, Probe  
  16  0:52  Probe  
  17  1:05  Probe  
  18  1:30  Zealot  
  18  1:32  Probe  
  21  1:44  Probe  
  22  1:50  Assimilator  
  22  2:07  Nexus  
  22  2:10  Pylon  
  22  2:15  Probe  
  23  2:19  Forge  
  23  2:27  Cybernetics Core  
  23  2:30  Assimilator  
  23  2:33  Probe  
  24  2:43  Warp Gate  
  24  2:45  Probe  
  25  2:51  Pylon  
  25  2:57  Probe  
  26  3:02  Photon Cannon  
  26  3:19  Probe  
  26  3:22  Probe  
  28  3:27  Probe  
  28  3:30  Probe  
  30  3:37  Probe  
  30  3:38  Probe  
  32  3:48  Probe  
  32  3:49  Probe  
  32  3:51  Photon Cannon  
  34  3:58  Photon Cannon  
  34  4:00  Probe  
  34  4:01  Probe  
  36  4:05  Photon Cannon  
  36  4:12  Probe  
  36  4:15  Pylon  
  37  4:17  Photon Cannon  
  37  4:24  Photon Cannon  
  37  4:30  Pylon  
  37  4:39  Gateway  
  37  4:41  Gateway  
  37  4:45  Gateway  
  37  4:48  Gateway  
  37  4:54  Stalker  
  39  5:04  Photon Cannon  
  39  5:07  Photon Cannon  
  39  5:16  Photon Cannon  
  39  5:20  Photon Cannon  
  37  5:23  Stalker  
  39  5:35  Stalker  
  39  5:42  Stalker  
  43  5:43  Stalker  
  43  5:47  Stalker  
  34  6:11  Protoss Ground Weapons Level 1  
  30  6:21  Adept  
  30  6:22  Adept x3  
  37  6:55  Pylon  
  37  6:57  Pylon  
  37  6:59  Pylon  
  37  7:00  Pylon  
  33  7:22  Adept  
  35  7:23  Adept x3  
  41  7:34  Probe  
  28  7:54  Stalker x2  
  28  7:55  Stalker  
  30  8:01  Nexus  
  30  8:15  Stalker  
  30  8:18  Stalker x2  
Show
View Real Time Build Order
Export as new Build Order

Cthulhu Zerg 

Build Orders: Hatch First 

Get SALT Encoding   

  12  0:01  Drone  
  13  0:10  Drone  
  14  0:15  Extractor  
  14  0:16  Drone  
  15  0:31  Overlord  
  15  0:54  Hatchery  
  14  1:01  Spawning Pool  
  13  1:11  Drone x2  
  15  1:23  Drone x2  
  17  1:28  Extractor  
  17  1:29  Extractor  
  15  1:53  Zergling x2  
  17  1:54  Zergling x2  
  17  1:55  Zergling x2  
  18  2:07  Zergling x2  
  19  2:08  Drone  
  19  2:15  Metabolic Boost  
  20  2:18  Drone x2  
  22  2:29  Lair  
  22  2:32  Drone x2  
  24  2:45  Drone x2  
  25  2:58  Drone x2  
  26  3:15  Evolution Chamber  
  24  3:31  Drone  
  24  3:32  Drone x4, Overlord  
  28  3:41  Spire  
  27  3:45  Extractor, Drone  
  27  3:46  Extractor, Drone  
  27  3:51  Queen  
  29  3:59  Queen  
  31  4:13  Drone x4  
  35  4:30  Overlord x2  
  35  4:49  Zergling x12  
  38  5:23  Mutalisk  
  38  5:24  Mutalisk x7  
  51  5:31  Zergling x2  
  52  5:38  Spine Crawler  
  51  6:33  Zergling x2  
  51  6:41  Zergling x2  
  51  6:42  Overlord x2  
  51  6:43  Overlord  
  42  7:00  Queen, Spine Crawler  
  39  7:01  Spine Crawler  
  32  7:26  Zergling x8  
  33  7:45  Overlord x2  
  19  8:16  Mutalisk x3  
  25  8:20  Spawning Pool  
Show
View Real Time Build Order
Export as new Build Order

Faust Protoss 

Build Orders:  

Get SALT Encoding   

  12  0:02  Probe  
  13  0:13  Pylon  
  13  0:18  Probe  
  14  0:27  Probe  
  14  0:35  Probe  
  15  0:42  Gateway  
  16  0:45  Probe  
  17  0:57  Probe  
  17  1:00  Gateway  
  18  1:09  Probe  
  19  1:14  Assimilator  
  19  1:17  Pylon  
  19  1:21  Probe  
  20  1:28  Gateway  
  20  1:33  Zealot  
  22  1:47  Zealot  
  24  2:07  Nexus  
  24  2:08  Probe  
  25  2:17  Probe  
  26  2:25  Cybernetics Core  
  26  2:26  Probe  
  27  2:40  Gateway  
  27  2:45  Probe  
  27  2:51  Warp Gate  
  28  2:57  Probe  
  29  3:09  Probe  
  30  3:26  Probe x2  
  28  3:31  Pylon  
  28  3:34  Probe x2  
  30  3:42  Twilight Council, Probe x2  
  32  3:54  Probe x2  
  34  4:02  Assimilator  
  34  4:06  Probe x2  
  34  4:07  Pylon  
  35  4:17  Pylon  
  35  4:18  Blink, Probe x2  
  37  4:30  Probe x2  
  39  4:33  Assimilator  
  39  4:37  Assimilator  
  39  4:46  Nexus  
  39  4:47  Pylon  
  39  4:52  Stalker x4  
  26  5:15  Stalker  
  26  5:22  Stalker  
  26  5:39  Stalker  
  26  5:41  Stalker  
  16  6:03  Probe  
  14  6:04  Probe  
  16  6:11  Probe  
  16  6:12  Probe  
  18  6:21  Probe x2  
  19  6:32  Probe  
  19  6:33  Pylon, Probe  
  21  6:40  Probe  
  21  6:45  Probe  
  23  6:48  Probe  
  24  6:57  Probe  
  24  6:59  Probe  
  26  7:06  Stalker  
  26  7:07  Stalker x3  
  34  7:09  Probe  
  34  7:14  Probe  
  36  7:21  Probe  
  37  7:26  Probe  
  38  7:33  Probe  
  39  7:38  Probe  
  40  7:45  Probe  
  33  7:52  Stalker x2  
  33  7:53  Stalker x2  
  41  8:02  Assimilator, Probe  
  41  8:03  Probe  
  43  8:07  Assimilator  
  41  8:14  Probe  
  41  8:15  Probe  
  41  8:16  Stalker x2  
  41  8:19  Stalker  
  49  8:23  Stalker  
  51  8:41  Stalker x2  
Show
View Real Time Build Order
Export as new Build Order

executor Protoss 

Build Orders:  

Get SALT Encoding   

  12  0:01  Probe  
  13  0:18  Pylon  
  13  0:19  Probe  
  14  0:27  Probe  
  14  0:35  Probe  
  15  0:42  Pylon  
  16  0:46  Probe  
  16  1:04  Forge  
  16  1:18  Probe  
  16  1:21  Gateway  
  16  1:24  Assimilator  
  17  1:26  Probe  
  17  1:29  Assimilator  
  18  1:35  Probe  
  19  1:41  Gateway  
  19  1:47  Pylon  
  19  1:55  Probe  
  20  2:07  Probe  
  21  2:10  Photon Cannon  
  21  2:11  Protoss Ground Weapons Level 1  
  21  2:13  Zealot  
  23  2:20  Probe  
  24  2:39  Cybernetics Core  
  24  2:44  Zealot  
  24  2:50  Zealot  
  28  3:15  Stalker  
  30  3:22  Pylon  
  30  3:39  Stalker  
  32  3:49  Stalker  
  32  3:51  Pylon  
  32  3:55  Warp Gate  
  34  4:03  Stalker  
  34  4:07  Photon Cannon  
  34  4:08  Probe  
  37  4:23  Stalker  
  39  4:27  Robotics Facility  
  39  4:32  Pylon  
  39  4:35  Probe  
  40  4:54  Probe  
  40  4:55  Photon Cannon  
  40  4:57  Stalker  
  39  5:25  Stalker  
  39  5:27  Observer, Stalker  
  42  5:48  Immortal  
  44  6:09  Gateway  
  44  6:10  Probe  
  44  6:11  Gateway  
  41  6:20  Photon Cannon  
  41  6:22  Probe  
  38  6:47  Stalker  
  38  6:48  Stalker  
  38  6:50  Immortal  
  38  6:52  Probe  
  47  7:09  Stalker  
  47  7:10  Stalker  
  47  7:11  Stalker  
  47  7:12  Stalker  
  51  8:03  Stalker x2  
  55  8:11  Pylon  
  47  8:13  Pylon  
  47  8:15  Pylon  
  43  8:42  Stalker x3  
  43  8:43  Stalker  
Show
View Real Time Build Order
Export as new Build Order

VerZZetaW Protoss 

Build Orders:  

Get SALT Encoding   

  1  0:00  Probe  
  12  0:05  Probe  
  14  0:16  Probe  
  15  0:25  Pylon  
  15  0:53  Pylon  
  15  0:56  Forge  
  15  1:01  Probe  
  16  1:09  Gateway, Probe  
  17  1:25  Gateway  
  16  1:34  Assimilator, Probe  
  17  1:40  Photon Cannon  
  17  1:46  Probe  
  18  1:53  Pylon  
  18  1:59  Cybernetics Core  
  18  2:01  Probe  
  19  2:07  Assimilator  
  19  2:15  Warp Gate  
  19  2:20  Probe  
  19  2:21  Gateway  
  20  2:32  Probe  
  21  2:40  Stalker  
  23  2:44  Probe  
  24  2:52  Stalker  
  26  3:06  Probe  
  26  3:10  Stalker  
  30  3:30  Stalker  
  30  3:32  Pylon  
  31  3:50  Stalker, Probe  
  34  3:55  Twilight Council, Pylon  
  34  4:05  Stalker  
  36  4:16  Blink  
  36  4:18  Stalker  
  38  4:27  Photon Cannon  
  38  4:29  Stalker  
  40  4:58  Sentry  
  40  4:59  Stalker  
  40  5:23  Stalker x2  
  38  5:48  Stalker x3  
  40  6:02  Photon Cannon  
  34  6:08  Pylon  
  30  6:19  Stalker x3  
  36  6:51  Stalker x3  
  40  7:20  Stalker x3  
  46  7:23  Probe  
  47  7:35  Probe  
  36  7:52  Stalker x3  
  42  8:22  Nexus  
  42  8:33  Stalker x3  
Show
View Real Time Build Order
Export as new Build Order

mugen Terran 

Build Orders:  

Get SALT Encoding   

  12  0:10  Supply Depot  
  12  0:13  SCV  
  13  0:25  SCV  
  14  0:37  SCV  
  14  0:41  Barracks  
  15  0:47  Refinery  
  16  0:50  SCV  
  16  1:02  SCV  
  17  1:14  SCV  
  18  1:25  Barracks  
  18  1:26  SCV  
  19  1:36  Barracks Reactor, Refinery  
  19  1:38  SCV  
  20  1:50  SCV  
  21  2:02  Engineering Bay  
  21  2:03  Orbital Command  
  21  2:12  Marine x2  
  23  2:19  Barracks Tech Lab  
  23  2:23  Supply Depot  
  23  2:36  Factory  
  23  2:42  Supply Depot  
  23  2:44  Marine, SCV  
  25  2:53  Supply Depot  
  25  2:54  Marine  
  25  2:56  SCV  
  27  3:00  Terran Infantry Weapons Level 1  
  27  3:17  Missile Turret  
  27  3:18  SCV  
  28  3:27  Factory Tech Lab  
  28  3:30  Marine x2  
  28  3:31  Marauder  
  32  3:48  Marine x2  
  34  3:53  Marauder  
  36  3:56  Siege Tank  
  36  3:57  Stimpack  
  39  4:05  Marine, Supply Depot  
  39  4:06  Marine  
  41  4:21  Armory, Marauder  
  41  4:23  Marine x2  
  45  4:59  Marine x2  
  47  5:09  Starport  
  47  5:13  Marauder  
  49  5:15  Siege Tank  
  49  5:17  Marine  
  53  5:34  Marauder  
  54  6:14  Missile Turret x2  
  54  6:16  Missile Turret  
  54  6:17  Marine  
  54  6:18  Marine x2  
  50  6:19  Missile Turret  
  50  6:20  Siege Tank  
  50  6:23  Starport Reactor  
  50  6:35  Marine x2  
  50  6:36  Marauder  
  50  6:52  Siege Tank  
  50  6:53  Marine x2  
  55  7:09  Marauder  
  55  7:11  Marine  
  55  7:33  Supply Depot  
  55  7:36  Supply Depot x2  
  55  7:37  Supply Depot  
  55  7:38  Supply Depot  
  55  7:54  Marine x2, Marauder, Liberator  
  55  7:57  Siege Tank  
  65  8:12  Marine x2  
  67  8:15  Marine  
Tags
 
Add a new tag
Caveats
  • Supply blocks, unpowered buildings, or Contaminate may cause inaccurate times.
  • Supply counts are checked every 10 seconds.